Unix NetHack Version 5.0.0-0 post-release - last build May  4 2026 22:22:43 (774f63e81ad911689b3a0859ea89b322d5daca8d,branch:main).

Game began 2026-05-05 07:18:31, ended 2026-05-05 07:49:57.

Ackbladder, neutral female gnomish Wizard

                                              -----
                                              |..)|
                                             #-....#####     -------
                                    -----    #|...|    ####  |.....|
                                    |{...#   #|...|       # #+....<|
                                    |...|#  ##---.-       # #|.....|
                                   #....|# `#             ###|.....|
                                   #|....###                #|.....|
                                   #-----#                  #--.----
                                   f     ##                 #  ##
                                   C      #  ------------   #   #
                                   @      #  |..........|   #   ###
                                  ##`     #  |..........|####     #
                                          ###...........|#     ---.--------
                                             |..........-######...........|
                                             ------------#     |..........|
                                                               |..........|
                                                               ------------

Ackbladder the Thaumaturge  St:11 Dx:12 Co:16 In:17 Wi:12 Ch:11  Neutral
Dlvl:8  $:410 HP:0(48) Pw:5(78) AC:7  Xp:6 T:3339  Burdened

Latest messages:
 In what direction? .
 You feel better.
 The raven bites!
 You stop searching.
 You can see again.
 The kitten misses the raven.
 The kitten bites the raven.
 The kitten misses the raven.
 In what direction? 4
 The door resists!
 In what direction? 4
 The door resists!
 You hit the raven.
 The raven bites!
 The raven blinds you!
 You hear some noises.
 You kill the raven!
 You try to feel what is lying here on the doorway.
 There is an open door here.
 You feel here a raven corpse.
 You hear rumbling in the distance.
 There is a raven corpse here; eat it? [ynq] (n) y
 This raven corpse tastes okay.
 You can see again.
 You finish eating the raven corpse.
 You stop searching.
 The kitten bites the plains centaur.
 The plains centaur misses the kitten.
 The plains centaur misses the kitten.
 The kitten misses the plains centaur.
 The kitten misses the plains centaur.
 The kitten misses the plains centaur.
 The plains centaur hits!
 The plains centaur kicks!
 The plains centaur hits!
 The plains centaur kicks!
 The plains centaur hits!
 The plains centaur kicks!
 What do you want to zap? [cvNOV or ?*] <esc>
 Never mind.
 What do you want to write with? [- ac-emv-xGNOV or ?*] v
 You burn into the ground with a wand of fire.
 What do you want to burn into the ground here? Elbereth
 Flames fly from the wand.
 The plains centaur turns to flee.
 The plains centaur hits!
 The plains centaur kicks!
 You die...
 Do you want your possessions identified? [ynq] (y) y
 Do you want to see your attributes? [ynq] (y) q

Inventory:
 Coins    ('$')
  $ - 410 gold pieces
 Weapons  (')')
  x - a +0 dagger
  a - a blessed +1 quarterstaff (weapon in hands)
 Armor    ('[')
  D - a cursed -1 pair of fumble boots
  z - an uncursed +0 pair of speed boots (being worn)
  B - an uncursed +0 pair of water walking boots
  A - an uncursed +0 cloak of invisibility
  b - an uncursed +0 cloak of magic resistance (being worn)
  E - an uncursed +0 leather armor
 Comestibles  ('%')
  U - an uncursed eucalyptus leaf
  q - an uncursed food ration
  y - an uncursed lembas wafer
 Scrolls  ('?')
  C - an uncursed scroll of amnesia
  F - an uncursed scroll of blank paper
  t - a cursed scroll of blank paper
  r - an uncursed scroll of enchant armor
  o - a blessed scroll of enchant weapon
  P - an uncursed scroll of enchant weapon
  i - 3 uncursed scrolls of food detection
  u - a cursed scroll of gold detection
  H - an uncursed scroll of magic mapping
  j - an uncursed scroll of stinking cloud
  R - a cursed scroll of teleportation
 Spellbooks  ('+')
  K - an uncursed spellbook of chain lightning
  J - an uncursed spellbook of create monster
  Q - an uncursed spellbook of create monster
  k - a blessed spellbook of force bolt
  s - an uncursed spellbook of healing
  p - an uncursed spellbook of knock
  S - an uncursed spellbook of magic mapping
  l - an uncursed spellbook of remove curse
 Potions  ('!')
  h - an uncursed potion of booze
  g - a blessed potion of confusion
  n - a cursed potion of healing
  L - a cursed potion of invisibility
  M - an uncursed potion of levitation
  f - an uncursed potion of paralysis
  I - an uncursed potion of water
 Rings    ('=')
  G - an uncursed ring of polymorph control
  e - an uncursed +1 ring of protection (on left hand)
  d - an uncursed ring of teleport control (on right hand)
 Wands    ('/')
  v - a wand of fire (0:4)
  N - a wand of light (0:12)
  c - a wand of polymorph (0:6)
  V - a wand of slow monster (0:6)
  O - a wand of speed monster (0:4)
 Tools    ('(')
  T - an uncursed lock pick
  m - a magic marker (0:21)
 Gems/Stones  ('*')
  w - an uncursed worthless piece of blue glass

Ackbladder the Wizard's attributes:

Background:
 You were a Thaumaturge, a level 6 female gnomish Wizard.
 You were neutral, on a mission for Thoth
 who was opposed by Ptah (lawful) and Anhur (chaotic).
 You were right-handed.
 You were in the Dungeons of Doom, on level 8.
 You entered the dungeon 3339 turns ago.
 You had 408 experience points, 232 more were needed to attain level 7.

Basics:
 You had 0 out of 48 hit points.
 You had 5 out of 78 energy points (spell power).
 Your armor class was 7.
 Your wallet contained 410 zorkmids.
 Autopickup was off.

Final Characteristics:
 Your strength was 11 (limit:18/50).
 Your dexterity was 12 (limit:18).
 Your constitution was 16 (limit:18).
 Your intelligence was 17 (limit:19).
 Your wisdom was 12 (limit:18).
 Your charisma was 11 (limit:18).

Final Status:
 You weren't hungry.
 You were burdened; movement was slightly slowed.
 You were wielding a quarterstaff.
 You were skilled in quarterstaff.

Final Attributes:
 You were piously aligned.
 You were magic-protected.
 You were telepathic.
 You had infravision.
 You had teleport control.
 You had a small defense bonus (+1).
 You were guarded.
 You were very fast.
 You are dead.

Miscellaneous:
 You didn't encounter any bones levels.
 Total elapsed playing time was 20 minutes and 45 seconds.

Major events:
 Turn
    1: Ackbladder the neutral female gnomish Wizard entered the dungeon
  762: attained the rank of Conjurer (level 3)
 1353: entered the Gnomish Mines
 3004: attained the rank of Thaumaturge (level 6)
 3339: killed by a plains centaur

Spells:
 Name                 Level Category     Fail Retention
 force bolt             1   attack         0%   81%-90%
 remove curse           3   clerical      79%  76%-100%
 knock                  1   matter         0%  76%-100%
 healing                1   healing        0%  76%-100%
 create monster         2   clerical      40%  76%-100%
 magic mapping          5   divination    98%  76%-100%

Skills:
 Fighting Skills
   bare handed combat [Unskilled]
   riding             [Unskilled]
 Weapon Skills
   dagger             [Unskilled]
   knife              [Unskilled]
   axe                [Unskilled]
   short sword        [Unskilled]
   club               [Unskilled]
   mace               [Unskilled]
   quarterstaff       [Skilled]
   polearms           [Unskilled]
   spear              [Unskilled]
   trident            [Unskilled]
   sling              [Unskilled]
   dart               [Unskilled]
   shuriken           [Unskilled]
 Spellcasting Skills
   attack spells      [Basic]
   healing spells     [Unskilled]
   divination spells  [Unskilled]
   enchantment spells [Basic]
   clerical spells    [Unskilled]
   escape spells      [Unskilled]
   matter spells      [Unskilled]

Voluntary challenges:
 Character rerolling was not enabled.
 You never genocided any monsters.
 You never polymorphed an object.
 You never changed form.
 You used no wishes.
Achievements:
 You attained the rank of Conjurer.
 You entered a shop.
 You entered the Gnomish Mines.
 You attained the rank of Thaumaturge.

 The Dungeons of Doom: levels 1 to 8
    Level 1:
       Many fountains.
    Level 2:
       A fountain.
    Level 3:
       A fountain.
    Level 4:
       An armor shop, a fountain.
       Stairs down to The Gnomish Mines.
    Level 5:
       A fountain.
    Level 6:
       A grave.
    Level 7:
       Many fountains.
    Level 8: <- You were here.
       A fountain.
       Final resting place for
          you, killed by a plains centaur.
 The Gnomish Mines:
    Level 5:


Vanquished creatures:
  a small mimic
  a leprechaun
  a lizard
  a dog
  a jaguar
  a raven
  a rope golem
  a water nymph
  a rock piercer
  a shrieker
  a violet fungus
  a floating eye
  3 homunculi
  a kobold leader
  2 hill orcs
  3 rothes
  a rabid rat
  a monkey
  2 dwarf zombies
  4 coyotes
  a hobbit
  a giant rat
  2 garter snakes
  2 geckos
  2 jackals
  2 foxes
  a goblin
  3 sewer rats
  a grid bug
  2 bats
  8 lichens
  3 newts
57 creatures vanquished.

No species were genocided or became extinct.

Game over:
                       ----------
                      /          \
                     /    REST    \
                    /      IN      \
                   /     PEACE      \
                  /                  \
                  |    Ackbladder    |
                  |      410 Au      |
                  |   killed by a    |
                  |  plains centaur  |
                  |                  |
                  |                  |
                  |       2026       |
                 *|     *  *  *      | *
        _________)/\\_//(\/(/\)/\//\/|_)_______

Goodbye Ackbladder the Wizard...

You died in The Dungeons of Doom on dungeon level 8 with 2371 points,
and 410 pieces of gold, after 3339 moves.
You were level 6 with a maximum of 48 hit points when you died.

